 Dungeon Crawl Stone Soup version 0.25.0-8-gfd19cd77bd (webtiles) character file.

Game seed: 7551296392540434667

68222 Froggeryz the Severer (level 14, -6/129 HPs)
             Began as a Minotaur Berserker on June 16, 2020.
             Was a High Priest of Trog.
             Killed from afar by a spriggan air mage (24 damage)
             ... with a bolt of lightning
             ... on level 15 of the Dungeon.
             The game lasted 00:34:05 (23111 turns).

Froggeryz the Severer (Minotaur Berserker)         Turns: 23111, Time: 00:34:06

Health: -6/129     AC: 15    Str: 27    XL:     14   Next: 85%
Magic:  13/14      EV: 11    Int:  4    God:    Trog [*****.]
Gold:   1659       SH: 15    Dex: 10    Spells: 13/13 levels left

rFire    + + .     SeeInvis .   F - +1 broad axe of Houxzezynu {vorpal, *Contam +Blink MR++ Stlth+}
rCold    + . .     Gourm    .   L - +1 kite shield {rC+ rF+}
rNeg     . . .     Faith    .   y - +0 plate armour
rPois    .         Spirit   .   (helmet restricted)
rElec    .         Reflect  .   (no cloak)
rCorr    .         Harm     .   (no gloves)
MR       ++++.                  (no boots)
Stlth    ..........             C - amulet of the acrobat
HPRegen  0.31/turn              n - ring of protection from magic
MPRegen  0.14/turn              o - ring of protection from fire

@: about to teleport
A: retaliatory headbutt, horns 2
a: Berserk, Trog's Hand, Brothers in Arms, Renounce Religion, Evoke Blink


You were on level 15 of the Dungeon.
You worshipped Trog.
Trog was extremely pleased with you.
You were not hungry.

You visited 2 branches of the dungeon, and saw 16 of its levels.
You also visited: Ossuary.

You collected 1659 gold pieces.

Inventory:

Hand Weapons
 f - a +1 broad axe of flaming
 F - the +1 broad axe of Houxzezynu (weapon) {vorpal, *Contam +Blink MR++ Stlth+}
   (You acquired it on level 12 of the Dungeon)

   It inflicts extra damage upon your enemies.
   It affects your resistance to hostile enchantments.
   It lets you blink.
   It causes magical contamination when unequipped.
   It makes you more stealthy.
 K - a +3 executioner's axe of flaming
Missiles
 j - 8 javelins (quivered)
 s - 3 throwing nets
Armour
 y - a +0 plate armour (worn)
 L - a +1 kite shield of resistance (worn)
Jewellery
 n - a ring of protection from magic (left hand)
 o - a ring of protection from fire (right hand)
 q - an uncursed ring of fire
 C - an amulet of the acrobat (around neck)
 I - an uncursed ring of ice
Wands
 i - a wand of random effects (14)
 u - a wand of digging (2)
 v - a wand of disintegration (6)
 J - a wand of flame (23)
 M - a wand of iceblast (13)
Scrolls
 b - 2 scrolls of fear
 d - a scroll of immolation
 e - 3 scrolls of enchant armour
 r - 2 scrolls of teleportation
 x - a scroll of identify
 A - a scroll of magic mapping
 E - a scroll of blinking
 G - 12 scrolls of remove curse
 H - a scroll of summoning
Potions
 a - 2 potions of cancellation
 g - 3 potions of haste
 k - 4 potions of might
 l - 6 potions of lignification
 m - 6 potions of curing
 p - a potion of ambrosia
 t - 4 potions of flight
 w - 4 potions of mutation
 z - 2 potions of brilliance
 B - 2 potions of magic
Comestibles
 c - 22 rations


   Skills:
 + Level 13.3 Fighting
 - Level 18.5 Axes
 + Level 11.4 Armour
 - Level 9.3 Dodging
 - Level 15.1 Shields
 - Level 1.7 Evocations


You had 13 spell levels left.
You didn't know any spells.
Your spell library was empty.

Dungeon Overview and Level Annotations

Branches:
Dungeon (15/15)            Temple (0/1) D:5            Lair (0/6) D:10
    Orc (0/2) D:10         Vaults (0/5) D:14         Depths (1/5) D:15
Ossuary (visited)

Altars:
Makhleb
Okawaru

Shops:
D:6 %   D:13 %

Annotations:
D:14 2 runed translucent doors, Infinimo's ghost, journeyman HOBe


Innate Abilities, Weirdness & Mutations

You reflexively headbutt those who attack you in melee.
You have a pair of horns on your head.


Message History

2 bolts; 3 large rocks Unknown command.
The glowing orange brain pulsates.
Something tries to feed on your intellect!
You block the spriggan air mage's attack.
You block the stone giant's attack.
You climb upwards.
Welcome back to the Dungeon!
There is a staircase to the Depths, spattered with blood here.
As you read the scroll of teleportation, it crumbles to dust.
You feel strangely unstable.
The ettin hits you with a +0 dire flail!!!
* * * LOW HITPOINT WARNING * * *
The ettin closely misses you. The spriggan air mage misses you.
The stone giant hits you!
* * * LOW HITPOINT WARNING * * *
You don't know any spells.
You blink.
You feel slightly more hungry.
The spriggan air mage gestures at you while chanting.
The bolt of lightning hits you!!
You die...

#..............#......#.......#
#..............#......#.......#
#..............#......#.......#
#..............'......#.......#
#..............#......#.......#
#######'######'#######.#.......#
#............###ยง##.##.###......
#............##iCC##.....#......
#............#.@#..#.....#......
#............#..#..#.....#......
#..(.........#..#..#.....#......
##########...#..#..##########...
#...#..#[.# #......#...
#...##...####......'...
#....##.###..).....#...
#.....#.##..##.<..##...
#######.....#########'#


You could see a stone giant, an ettin and a spriggan air mage (repels missiles).

Vanquished Creatures
  Jorgrun (D:13)
  Agnes (D:15)
  A fire giant (D:15)
  A vampire knight (D:15)
  A stone giant (D:15)
  Josephine (D:12)
  An ettin (D:15)
  2 ogre magi
  3 fire dragons (D:15)
  2 ice dragons (D:15)
  5 vault guards (D:14)
  A catoblepas (D:12)
  8 centaur warriors
  8 two-headed ogres
  A death knight (D:15)
  A deep troll earth mage (D:15)
  2 tengu warriors
  A deep elf knight (D:14)
  A spriggan berserker (D:15)
  An unseen horror (D:13)
  A wizard (D:15)
  2 deep elf archers (D:14)
  Pikel (D:6)
  2 orc knights
  A deep elf mage (D:15)
  14 ugly things
  3 cyclopes
  2 manticores
  2 yaktaurs
  4 kobold demonologists
  2 efreet (D:15)
  A freezing wraith (D:15)
  2 tengu conjurers
  3 meliai (D:14)
  4 trolls
  A queen bee (shapeshifter) (D:10)
  25 slime creatures
  3 hippogriffs (D:13)
  Sigmund (D:4)
  A vampire (D:11)
  10 wraiths
  3 shadows
  2 wyverns
  3 basilisks
  6 yaks
  A golden eye (shapeshifter) (D:15)
  2 hungry ghosts
  A redback simulacrum (D:15)
  4 vampire mosquitoes
  A warg (D:15)
  Menkaure (D:7)
  A harpy simulacrum (D:14)
  A soldier ant (D:12)
  Edmund (D:5)
  A water moccasin (D:13)
  13 orc warriors
  2 eyes of draining
  5 sky beasts
  8 ogres
  3 phantoms
  A necrophage (D:10)
  25 centaurs
  A crocodile (D:9)
  An elf zombie (Ossuary)
  7 big kobolds
  A wyvern zombie (D:12)
  6 bullfrogs
  A scorpion (D:11)
  A wyvern skeleton (D:13)
  10 killer bees
  7 wights
  5 howler monkeys
  4 crimson imps
  7 centaur zombies
  3 quasits
  3 hounds
  2 jellies
  3 bullfrog skeletons
  13 orc priests
  4 centaur skeletons
  13 orc wizards
  2 human zombies (Ossuary)
  9 iguanas
  Ijyb (D:4)
  8 worker ants
  2 big kobold zombies (Ossuary)
  A hound zombie (Ossuary)
  A hound skeleton (D:5)
  4 mummies
  A worker ant zombie (D:11)
  3 gnolls (D:9)
  14 adders
  4 shadow imps
  An ooze (D:4)
  3 adder zombies
  2 worms
  3 dart slugs
  6 leopard geckos
  66 orcs
  10 giant cockroaches
  3 gnoll zombies (Ossuary)
  5 goblins
  12 hobgoblins
  6 jackals
  8 quokkas
  2 ball pythons
  6 bats
  6 frilled lizards
  3 goblin zombies (Ossuary)
  2 hobgoblin zombies (Ossuary)
  2 jackal zombies (Ossuary)
  32 kobolds
  7 kobold zombies (Ossuary)
  A leopard gecko skeleton (D:4)
  2 leopard gecko zombies
  2 orc zombies (Ossuary)
  3 quokka skeletons
  4 quokka zombies (Ossuary)
  4 rats
  4 rat zombies (Ossuary)
560 creatures vanquished.

Vanquished Creatures (collateral kills)
  A hungry ghost (D:10)
1 creature vanquished.

Grand Total: 561 creatures vanquished

Notes
Turn   | Place    | Note
-------+----------+-------------------------------------------
     0 | D:1      | Froggeryz the Minotaur Berserker began the quest for the
                  | Orb.
     0 | D:1      | Reached XP level 1. HP: 19/19 MP: 0/0
    93 | D:1      | Reached skill level 4 in Axes
   102 | D:1      | Reached XP level 2. HP: 22/26 MP: 1/1
   596 | D:2      | Reached skill level 5 in Axes
   596 | D:2      | Reached XP level 3. HP: 30/31 MP: 2/2
   723 | D:2      | Reached ** piety under Trog
   792 | D:2      | Reached XP level 4. HP: 30/39 MP: 3/3
  1118 | D:3      | Reached skill level 6 in Axes
  1120 | D:3      | Reached skill level 14 in Axes
  1120 | D:3      | Reached XP level 5. HP: 8/45 MP: 4/4
  1892 | D:4      | Reached XP level 6. HP: 51/51 MP: 5/5
  2473 | D:4      | Noticed Ijyb
  2482 | D:4      | Killed Ijyb
  2556 | D:4      | Noticed Sigmund
  2563 | D:4      | Killed Sigmund
  2563 | D:4      | Reached XP level 7. HP: 57/57 MP: 6/6
  2713 | D:4      | Reached *** piety under Trog
  2852 | D:5      | Entered Level 5 of the Dungeon
  2898 | D:5      | Noticed Edmund
  2904 | D:5      | Reached skill level 5 in Armour
  2911 | D:5      | Killed Edmund
  2923 | D:5      | Reached XP level 8. HP: 64/64 MP: 7/7
  3021 | D:5      | Reached skill level 15 in Axes
  3498 | D:5      | Found a staircase to the Ecumenical Temple.
  3854 | D:6      | Reached **** piety under Trog
  3897 | D:6      | Reached XP level 9. HP: 51/73 MP: 8/8
  3915 | D:6      | Found Gawitoid's Food Emporium.
  3943 | D:6      | Found a sand-covered staircase.
  3951 | Ossuary  | Entered an ossuary
  4017 | Ossuary  | Reached skill level 5 in Fighting
  4137 | Ossuary  | Reached ***** piety under Trog
  4262 | D:6      | Found a burning altar of Makhleb.
  4779 | D:6      | Noticed Pikel
  4793 | D:6      | Killed Pikel
  4793 | D:6      | Reached skill level 16 in Axes
  5524 | D:7      | Noticed Menkaure
  5534 | D:7      | Killed Menkaure
  6182 | D:8      | Reached XP level 10. HP: 84/84 MP: 9/9
  6719 | D:9      | Noticed a two-headed ogre
  6733 | D:9      | Killed a two-headed ogre
  6733 | D:9      | Reached skill level 17 in Axes
  7928 | D:10     | Entered Level 10 of the Dungeon
  8122 | D:10     | Noticed a two-headed ogre
  8130 | D:10     | Killed a two-headed ogre
  8232 | D:10     | Noticed a two-headed ogre
  8245 | D:10     | Killed a two-headed ogre
  8245 | D:10     | Reached XP level 11. HP: 94/94 MP: 10/10
  8323 | D:10     | Found a staircase to the Lair.
  8339 | D:10     | Reached ****** piety under Trog
  8401 | D:10     | Noticed a two-headed ogre
  8417 | D:10     | Killed a two-headed ogre
  8417 | D:10     | Reached skill level 18 in Axes
  8428 | D:10     | Reached skill level 5 in Dodging
  8727 | D:10     | Noticed a centaur warrior
  8741 | D:10     | Killed a centaur warrior
  8911 | D:10     | Reached skill level 1 in Shields
  9102 | D:10     | Found a staircase to the Orcish Mines.
  9263 | D:11     | Received a gift from Trog
  9404 | D:11     | Noticed a two-headed ogre
  9410 | D:11     | Killed a two-headed ogre
  9677 | D:11     | Reached skill level 5 in Shields
  9723 | D:11     | Noticed an orc knight
  9758 | D:11     | Killed an orc knight
 10135 | D:11     | Noticed a cyan ugly thing
 10153 | D:11     | Killed a cyan ugly thing
 11168 | D:12     | Reached XP level 12. HP: 104/104 MP: 11/11
 11383 | D:12     | Noticed Josephine
 11397 | D:12     | Killed Josephine
 11629 | D:12     | Identified a scroll of acquirement
 11632 | D:12     | Got the +1 broad axe of Houxzezynu {vorpal, *Contam +Blink
                  | MR++ Stlth+}
 11977 | D:13     | Received a gift from Trog
 11988 | D:13     | Noticed a centaur warrior
 11989 | D:13     | Reached skill level 1 in Evocations
 11998 | D:12     | Reached skill level 10 in Fighting
 12365 | D:13     | Noticed a tengu warrior
 12375 | D:13     | Killed a tengu warrior
 12452 | D:13     | Noticed Jorgrun
 12471 | D:13     | Killed Jorgrun
 12575 | D:13     | Killed a centaur warrior
 12605 | D:13     | Found an iron altar of Okawaru.
 12611 | D:13     | Noticed a catoblepas
 12846 | D:12     | Killed a catoblepas
 13024 | D:13     | Noticed a centaur warrior
 13033 | D:13     | Killed a centaur warrior
 13047 | D:13     | Found Qevuotta's Food Shop.
 13328 | D:13     | Reached XP level 13. HP: 108/116 MP: 13/13
 13605 | D:14     | Found a large runed translucent door.
 13952 | D:13     | Reached skill level 10 in Shields
 14797 | D:13     | Received a gift from Trog
 15381 | D:14     | Found a large runed translucent door.
 15411 | D:14     | Noticed Infinimo's ghost (journeyman HOBe)
 16987 | D:15     | Entered Level 15 of the Dungeon
 17505 | D:15     | Noticed Agnes
 17520 | D:15     | Killed Agnes
 17520 | D:15     | Reached XP level 14. HP: 88/124 MP: 14/14
 17526 | D:15     | Reached skill level 15 in Shields
 17968 | D:15     | Found a staircase to the Depths.
 18677 | D:15     | Received a gift from Trog
 19589 | D:14     | Reached skill level 10 in Armour
 19665 | D:14     | Found a gate to the Vaults.
 19805 | Depths:1 | Entered Level 1 of the Depths
 19805 | Depths:1 | Noticed a fire giant
 19838 | D:15     | Killed a fire giant
 20091 | Depths:1 | Noticed a purple very ugly thing
 21074 | Depths:1 | Noticed a stone giant
 21917 | Depths:1 | Noticed a vampire knight
 21919 | Depths:1 | Noticed a stone giant
 22624 | D:15     | Killed a vampire knight
 22740 | D:15     | Killed a stone giant
 23107 | Depths:1 | Noticed a shadow dragon
 23111 | D:15     | Killed from afar by a spriggan air mage

Illustrated notes

Levels and vault maps discovered:
D:1:      dpeg_arrival_round_c, layout_basic, grunt_decor_fettered
D:2:      layout_rooms
D:3:      layout_basic
D:4:      layout_loops_corners, minmay_cupped, uniq_ijyb, uniq_sigmund
D:5:      layout_cave_pools, minmay_temple_entry_fiery, first_ration,
          uniq_edmund
D:6:      cheibrodos_thug_alley, layout_basic, nicolae_overflow_hidden_temple,
          gup_ossuary_entry_pyramid, serial_shops, nicolae_shop_statue_plus,
          uniq_pikel
D:7:      layout_loops_corners, uniq_menkaure
D:8:      layout_basic
D:9:      layout_grid_maze, blue_anna_alchemist [blue_anna_fruit_fields,
          blue_anna_fruit_fields]
D:10:     hangedman_cross_cluster, layout_small_grid, orc_0_dummy
D:11:     layout_roguey, special_room [special_room_orc]
D:12:     layout_small_grid, uniq_josephine
D:13:     layout_loops_ring, serial_shops, shop_fountains, grunt_ministairs_8,
          okawaru_ov_weapons_minmay, uniq_jorgrun
D:14:     layout_cave_pools, grunt_vaults_entry_fortified,
          ebering_ghost_disaster_area, uniq_agnes
D:15:     grunt_enter_depths_hoard, layout_gridville, minmay_misc_feat_cross
Depths:1: minmay_the_grid_square_5x5_4x4_mashed [minmay_the_grid_square_5x5_v,
          minmay_the_grid_square_5x5_dogpile,
          minmay_the_grid_square_5x5_checkered_statues,
          minmay_the_grid_square_5x5_three_small,
          minmay_the_grid_square_5x5_checkered_sparse,
          minmay_the_grid_square_5x5_prize_deathbox,
          minmay_the_grid_square_5x5_prize_gold,
          minmay_the_grid_square_5x5_moneybag,
          minmay_the_grid_square_5x5_corner,
          minmay_the_grid_square_5x5_prize_itemx,
          minmay_the_grid_square_5x5_prize_open,
          minmay_the_grid_square_5x5_half_checkered,
          minmay_the_grid_square_5x5_eight, minmay_the_grid_square_5x5_n_small,
          minmay_the_grid_square_5x5_two,
          minmay_the_grid_square_5x5_eight_small], layout_long_grid,
          serial_sigils, serial_sigils_hangedman_gnaw,
          serial_sigils_hangedman_stare, serial_sigils_hangedman_quiver,
          serial_sigils_hangedman_leer, serial_sigils_hangedman_quiver,
          serial_sigils_hangedman_quiver, hell_entry,
          minmay_shop_enchanted_jewellery, minivault_16

Skill      XL: |  1  2  3  4  5  6  7  8  9 10 11 12 13 14 |
---------------+-------------------------------------------+-----
Axes           | 4 5 14 15 16 17 18 | 18.5
Armour         | 3 4 5 7 8 11 | 11.4
Fighting       | 4 6 8 9 11 13 | 13.3
Dodging        | 4 6 8 9 |  9.3
Shields        | 5 9 14 15 | 15.1
Evocations     | 1 |  1.7

Action                   |  1- 3 |  4- 6 |  7- 9 | 10-12 | 13-15 || total
-------------------------+-------+-------+-------+-------+-------++-------
Melee: Hand axe          |    68 |    81 |   199 |       |       ||   348
       Headbutt          |    10 |    14 |    87 |   147 |   113 ||   371
       War axe           |       |       |   198 |   461 |       ||   659
       Broad axe         |       |       |       |   126 |   552 ||   678
Throw: Javelin           |       |       |     1 |     9 |       ||    10
Invok: Berserk           |       |     4 |     4 |     8 |     5 ||    21
 Abil: Evoke Blink       |       |       |       |       |     1 ||     1
Evoke: Wand              |       |       |       |     1 |     6 ||     7
  Use: Potion            |       |     2 |       |     5 |     1 ||     8
       Scroll            |       |     9 |    11 |    10 |    12 ||    42
  Eat: Chunk             |       |     8 |    12 |    23 |    14 ||    57
       Ration            |       |       |     1 |     3 |     6 ||    10
Armor: Animal skin       |    16 |     4 |       |       |       ||    20
       Chain mail        |       |     5 |       |       |       ||     5
       Scale mail        |       |     5 |    89 |    99 |    70 ||   263
       Plate armour      |       |       |       |       |    40 ||    40
Dodge: Dodged            |    53 |    31 |   136 |   286 |   232 ||   738
Block: Buckler           |       |       |       |    59 |    17 ||    76
       Kite shield       |       |       |       |       |   348 ||   348
